 Dungeon Crawl Stone Soup version 0.31.0-11-ge490571c62 (webtiles) character file.

Game seed: 14077236642516084574

44 qw the Shooter (level 3, -1/20 HPs)
             Began as a Deep Elf Hunter on Feb 4, 2024.
             Slain by an orc wizard
             ... wielding a +2 dagger of speed
              (3 damage)
             ... on level 3 of the Dungeon.
             The game lasted 00:00:44 (1566 turns).

qw the Shooter (Deep Elf Hunter)                    Turns: 1566, Time: 00:00:44

Health: -1/20      AC:  9    Str: 10    XL:     3   Next: 41%
Magic:  5/5        EV: 11    Int: 13    God:
Gold:   112        SH:  0    Dex: 18    Spells: 2/2 levels left

rFire   . . .        a - +0 shortbow
rCold   . . .        (shield currently unavailable)
rNeg    . . .        d - +0 ring mail
rPois   .            (no helmet)
rElec   .            (no cloak)
rCorr   .            (no gloves)
SInv    .            (no boots)
Will    +....        (no amulet)
Stlth   +            e - +4 ring of protection
HPRegen 0.23/turn    (no ring)
MPRegen 0.09/turn

%: no passive effects
@: on berserk cooldown, enlightened, flying, slowed, very slow
A: no striking features
a: no special abilities


You were on level 3 of the Dungeon.
You visited 1 branch of the dungeon, and saw 3 of its levels.

You collected 112 gold pieces.


   Skills:
 - Level 1.5 Fighting
 + Level 7.0 Ranged Weapons
 - Level 2.4 Dodging
 - Level 1.2 Stealth


You had 2 spell levels left.
You didn't know any spells.
Your spell library was empty.

Inventory:

Hand Weapons
 a - a +0 shortbow (weapon)
Armour
 d - a +0 ring mail (worn)
Jewellery
 e - a +4 ring of protection (left hand)
Scrolls
 b - a scroll of identify
Potions
 c - a potion of mutation

Dungeon Overview and Level Annotations

Branches:
Dungeon (3/15)

Altars:

Shops:
D:1 [


Message History

You feel yourself moving faster!
You feel mighty!
You feel a strong urge to attack something.
The orc wizard gestures at you while chanting.
You are more confused.
You feel your anger nearly subside.
You are no longer berserk.
You are exhausted.
You feel yourself slow down. The orc hits you but does no damage.
The orc barely misses you.
1559 ||| DRINKING golden potion.
It was a potion of enlightenment.
You feel very buoyant.
You fly up into the air.
The orc barely misses you. x2
The orc wizard hits you but does no damage.
The orc hits you but does no damage. The orc barely misses you.
The orc wizard hits you with a +2 dagger of speed.
The orc closely misses you. The orc hits you with a +0 mace.
The orc wizard hits you with a +2 dagger of speed.
The orc barely misses you. x2; The orc closely misses you.
The orc wizard hits you but does no damage.
The orc wizard barely misses you.
The orc hits you but does no damage. x2; The orc misses you.
The orc wizard barely misses you. The orc hits you but does no damage. x2
The orc hits you with a +0 mace.
The orc wizard hits you but does no damage.
The orc wizard closely misses you. The orc hits you with a +0 mace.
The orc closely misses you. The orc barely misses you.
The orc wizard closely misses you.
The orc wizard gestures at you while chanting.
The puff of flame hits you. The orc hits you but does no damage. x3
The orc barely misses you. The orc hits you but does no damage.
The orc wizard barely misses you. The orc barely misses you.
You feel less confused.
The orc wizard hits you with a +2 dagger of speed.
The orc hits you with a +0 mace. The orc hits you but does no damage.
The orc hits you from afar with a +0 trident.
The orc wizard closely misses you.
1566 ||| RETREEEEATING.
The orc wizard attacks as it pursues you!
The orc wizard hits you with a +2 dagger of speed.
You die...

#<# ...... #.#
...).. #.# ......#
#.# ....... #.#
.(...>. #.#
......o #.#
...%...#########.#
......oo@........#
####..o.....######
............#
####........#
#........#
#......%.#
#........#
#........#
######.###


You could see an orc wizard and 2 orcs.

Vanquished Creatures
  A dart slug (D:1)
  An orc (D:3)
  2 ball pythons
  5 bats (D:1)
  5 endoplasms
  2 giant cockroaches
  3 goblins
  6 jackals (D:1)
  3 quokkas
  4 frilled lizards
  2 kobolds (D:1)
  3 rats
37 creatures vanquished.

Notes
Turn   | Place    | Note
-------+----------+-------------------------------------------
     0 | D:1      | qw the Deep Elf Hunter began the quest for the Orb.
     0 | D:1      | Reached XP level 1. HP: 12/12 MP: 3/3
     0 | D:1      | 0 ||| qw: Version: 0.3-a-160-g6735b56
     0 | D:1      | 0 ||| qw: Game counter: 5903
     0 | D:1      | 0 ||| qw: Melee chars always use a shield: true
     0 | D:1      | 0 ||| qw: God list: Okawaru
     0 | D:1      | 0 ||| qw: Allow faded altars: false
     0 | D:1      | 0 ||| qw: Do Orc after clearing Dungeon:15 true
     0 | D:1      | 0 ||| qw: Do second Lair branch before Depths: true
     0 | D:1      | 0 ||| qw: Lair rune preference: random
     0 | D:1      | 0 ||| qw: Goals: Normal
     0 | D:1      | 0 ||| PLANNING D:1-11
    99 | D:1      | Reached skill level 6 in Ranged Weapons
    99 | D:1      | Reached XP level 2. HP: 16/16 MP: 4/4
   222 | D:1      | 222 ||| RETREEEEATING.
   502 | D:1      | Found Iziopsut's Antique Armour Shoppe.
   510 | D:1      | 510 ||| SHOPLISTING cloak (135 gold, have 59).
   510 | D:1      | 510 ||| SHOPLISTING glowing scale mail (210 gold, have 59).
   510 | D:1      | 510 ||| SHOPLISTING pitted scale mail (270 gold, have 59).
   587 | D:1      | Reached XP level 3. HP: 20/20 MP: 5/5
   834 | D:1      | 834 ||| UPGRADING to +0 ring mail.
   844 | D:1      | 844 ||| DROPPING +0 leather armour.
   845 | D:1      | 845 ||| UPGRADING to +4 ring of protection.
   846 | D:1      | 846 ||| DROPPING scroll of butterflies.
  1053 | D:2      | Found a faded altar of an unknown god.
  1514 | D:2      | 1514 ||| READING scroll labelled AMIZUC AMIROM.
  1514 | D:2      | 1514 ||| IDENTIFYING silvery potion
  1553 | D:3      | Reached skill level 7 in Ranged Weapons
  1555 | D:3      | 1555 ||| DRINKING clear potion.
  1559 | D:3      | 1559 ||| DRINKING golden potion.
  1565 | D:3      | HP: 2/20 [orc/+0 mace (4)]
  1566 | D:3      | 1566 ||| RETREEEEATING.
  1566 | D:3      | Slain by an orc wizard

Levels and vault maps discovered:
D:1:      lemuel_arrival_lava_pool, layout_basic, serial_shops, shop,
          serial_forest, infiniplex_forest_lined_1,
          infiniplex_forest_clump_double, infiniplex_forest_clump_double,
          infiniplex_forest_lined_2, infiniplex_forest_clump_diagonal,
          infiniplex_forest_end_1, hangedman_abyss_or_decor_stabs,
          grunt_decor_resistance, nicolae_titane
D:2:      layout_basic, hellmonk_ecumenical_altar_inner_sanctum,
          roderic_lattice_a
D:3:      layout_basic, serial_corexii_hall, chequers_hall_statues_corner_a,
          corexii_hall_statues_l

Skill      XL: |  1  2  3 |
---------------+----------+-----
Ranged Weapons | 6 7 |  7.0
Fighting       | |  1.5
Dodging        | |  2.4
Stealth        | |  1.2

Action                     || total
---------------------------++-------
   Fire: Shortbow          ||    83
    Use: Potion            ||     2
         Scroll            ||     1
 Armour: Leather armour    ||    15
         Ring mail         ||    32
  Dodge: Dodged            ||    41

Table legend:
 A = Non-vault XP
 B = Vault XP
 C = Vault XP percentage of total XP
 D = Non-vault monster count
 E = Vault monster count
 F = Vault count percentage of total count
                 A         B        C        D         E       F
            +---------+---------+-------+---------+---------+-------
      Total |      64 |       0 |   0.0 |      37 |       0 |   0.0
            +---------+---------+-------+---------+---------+-------
        D:1 |      45 |       0 |   0.0 |      26 |       0 |   0.0
        D:2 |      11 |       0 |   0.0 |       7 |       0 |   0.0
        D:3 |       8 |       0 |   0.0 |       4 |       0 |   0.0
            +---------+---------+-------+---------+---------+-------
